 Dungeon Crawl Stone Soup version 0.31.0-9-g3a7656b989 (webtiles) character file.

Game seed: 17579243362842550947

133321 tilp the Executioner (level 16, -6/149 HPs)
             Began as a Minotaur Berserker on Jan 24, 2024.
             Was a High Priest of Trog.
             Mangled by a broodmother (20 damage)
             ... on level 2 of the Spider Nest.
             The game lasted 00:44:23 (25102 turns).

tilp the Executioner (Minotaur Berserker)          Turns: 25102, Time: 00:44:23

Health: -6/149     AC: 24    Str: 29    XL:     16   Next: 59%
Magic:  5/5        EV: 13    Int:  8    God:    Trog [*****.]
Gold:   517        SH:  0    Dex: 11    Spells: 15/15 levels left

rFire   + . .        a - +7 executioner's axe (antimagic)
rCold   + . .        (shield currently unavailable)
rNeg    + . .        W - +1 chain mail {rPois}
rPois   +            (helmet restricted)
rElec   .            C - +2 cloak {Will+}
rCorr   .            M - +2 pair of gloves
SInv    .            f - +2 pair of boots
Will    +++++        z - amulet of regeneration
Stlth   x              - ring of Midsummer {rF+ rC+ rN+ Int+4 Slay+4}
HPRegen 2.24/turn    K - ring of willpower
MPRegen 0.09/turn

%: no passive effects
@: confused, lethally poisoned (-6 -> -7), strong-willed, on berserk cooldown,
regenerating, slowed, very slow
A: horns 2, retaliatory headbutt
a: Renounce Religion, Berserk, Trog's Hand, Brothers in Arms


You were on level 2 of the Spider Nest.
You worshipped Trog.
Trog was extremely pleased with you.
You visited 4 branches of the dungeon, and saw 24 of its levels.
You also visited: Ice Cave.

You collected 2418 gold pieces.
You spent 1901 gold pieces at shops.

Inventory:

Hand Weapons
 a - a +7 antimagic executioner's axe (weapon)
 e - a +3 scimitar of flaming
 I - the +27 heavy crossbow "Sniper" {heavy, Acc+∞ SInv}
   (You found it on level 15 of the Dungeon)

   Acc+∞: It never misses its target.
   SInv:      It lets you see invisible.
Missiles
 g - 33 boomerangs (quivered)
 E - 7 curare-tipped darts
 F - 22 poisoned darts
 J - 2 throwing nets
 V - 16 javelins
Armour
 f - a +2 pair of boots (worn)
 m - +0 ice dragon scales
 C - a +2 cloak of willpower (worn)
 M - a +2 pair of gloves (worn)
 O - the +3 hat of Pondering {ponderous, Will+ MP+10 Int+5}
   (You took it off Gastronok on level 1 of the Lair of Beasts)

   Int+5:     It affects your intelligence (+5).
   Will+:     It increases your willpower.
   MP+10:     It affects your magic capacity (+10).
 U - an orb of mayhem
 W - a +1 chain mail of poison resistance (worn)
 X - a +2 plate armour of fire resistance
Jewellery
 x - the ring of Midsummer (left hand) {rF+ rC+ rN+ Int+4 Slay+4}
   (You acquired it on level 11 of the Dungeon)

   [ring of slaying]

   Int+4:     It affects your intelligence (+4).
   Slay+4:    It affects your accuracy & damage with ranged weapons and melee
   (+4).
   rF+:       It protects you from fire.
   rC+:       It protects you from cold.
   rN+:       It protects you from negative energy.
 z - an amulet of regeneration (around neck)
 K - a ring of willpower (right hand)
 P - a ring of see invisible
 T - the ring "Rocub" {Fly rF+ Will- Dex+4}
   (You bought it in a shop on level 2 of the Orcish Mines)

   [ring of protection from fire]

   Dex+4:     It affects your dexterity (+4).
   rF+:       It protects you from fire.
   Will-:     It decreases your willpower.
   Fly:       It grants you flight.
Wands
 d - a wand of digging (7)
 p - a wand of mindburst (19)
 u - a wand of flame (63)
 w - a wand of paralysis (25)
 B - a wand of acid (8)
 D - a wand of polymorph (37)
 R - a wand of roots (5)
Scrolls
 b - a scroll of blinking
 c - 6 scrolls of identify
 h - 9 scrolls of teleportation
 q - 3 scrolls of immolation
 v - 9 scrolls of fear
 y - 3 scrolls of vulnerability
 H - 2 scrolls of brand weapon
 L - 2 scrolls of poison
 N - 3 scrolls of fog
 Q - 2 scrolls of revelation
Potions
 i - a potion of enlightenment
 j - 3 potions of invisibility
 k - a potion of berserk rage
 l - 5 potions of attraction
 n - a potion of ambrosia
 o - 13 potions of heal wounds
 r - a potion of resistance
 s - a potion of might
 t - 5 potions of haste
 A - 5 potions of lignification
 S - 6 potions of curing
 Y - 2 potions of cancellation
 Z - 2 potions of mutation


   Skills:
 + Level 15.0 Fighting
 - Level 24.0 Axes
 + Level 6.0 Throwing
 + Level 14.0 Armour
 * Level 12.0 Dodging
 + Level 2.1 Stealth
 + Level 8.0 Evocations


You had 15 spell levels left.
You didn't know any spells.
Your spell library was empty.

Dungeon Overview and Level Annotations

Branches:
Dungeon (15/15)            Temple (0/1) D:5            Lair (5/5) D:10
 Shoals (0/4) Lair:2       Spider (2/4) Lair:3        Slime (0/5) Lair:4
    Orc (2/2) D:11            Elf (0/3) Orc:2        Vaults (0/5) D:13
 Depths (0/4) D:15          IceCv (visited)

Altars:
Cheibriados
Dithmenos
Gozag
Kikubaaqudgha
Makhleb
Qazlal
Sif Muna
Trog
Vehumet
Xom
The Shining One

Shops:
Orc:1 [   Orc:2 =*[(

Portals:
Hell: Lair:5


Innate Abilities, Weirdness & Mutations

You have a pair of horns on your head.
You reflexively headbutt those who attack you in melee.


Message History

You feel very sick. The tarantella barely misses you.
Unknown command.
Unknown command.
You slice the broodmother!!
The broodmother is moderately wounded.
You cut the redback into ribbons!!!
You kill the redback!
The redback's corpse disappears in a puff of smoke!
You slash the tarantella! You closely miss the tarantella.
You feel sick. The tarantella barely misses you.
Unknown command.
You slash the tarantella! Your headbutt misses the tarantella.
The tarantella is heavily wounded.
You slice the tarantella!!
You kill the tarantella!
The tarantella's corpse disappears in a puff of smoke!
You carve the tarantella like a ham!!!
You kill the tarantella!
The tarantella's corpse disappears in a puff of smoke!
You barely miss the broodmother.
You feel sick.
Unknown command.
Unknown command.
You are too berserk!
You are no longer berserk.
You are exhausted.
You feel yourself slow down.
You feel sick. The broodmother bites you.
* * * LOW HITPOINT WARNING * * *
The tarantella barely misses you.
Unknown command.
Unknown command.
You slice the broodmother!! You headbutt the broodmother!
The broodmother is heavily wounded.
You miss the tarantella. You slice the wolf spider!!
You feel very sick. The wolf spider hits you.
* * * LOW HITPOINT WARNING * * *
The wolf spider bites you but does no damage.
The broodmother bites you!!
You die...

..[#...##..(/#.#.#(#.# ...
.###.......###...#...###..
(^.........((...........
..###.....###(...#...(###.####
..(.††.....)(...# #..........#
.###(†#....###..###..###..###.
.^([..##...†.†...†.†..[...#
.(###^.#..###(.§ss§s..###.#
........^.......@sss......
.###...#...###(§##...###..#
...#.#(#.#.#.(..##...# ..
..(#.#.#.#(#(..##....#(.( .
.....#...#....##..........
...##....#...###..........
######..##.... #.......#.. #
...###... .......## . #
##...##....^#....##


You could see a broodmother, 2 wolf spiders, 2 tarantellas and a redback
(summoned).

Vanquished Creatures
  Gastronok (Lair:1)
  3 orc warlords
  A broodmother (Spider:2)
  Nessos (Lair:3)
  Azrael (Spider:1)
  A spark wasp (Spider:1)
  A vault guard (D:13)
  Erolcha (D:10)
  Fannar (Orc:1)
  Harold (D:9)
  4 jorogumos (Spider:1)
  4 entropy weavers (Lair:3)
  3 hydras
  3 ghost crabs (Lair:3)
  10 centaur warriors
  A radroach (Spider:1)
  9 boulder beetles
  Erica (D:9)
  13 death yaks
  2 two-headed ogres
  2 tengu warriors (D:14)
  Urug (D:10)
  3 orc high priests (Orc:2)
  A demonic crawler (Spider:1)
  A deep troll earth mage (D:15)
  Nergalle (D:11)
  2 skysharks
  5 fire crabs (Lair:3)
  4 pharaoh ants
  2 sixfirhies
  A swamp dragon (D:15)
  An arcanist (Lair:5)
  3 steelbarb worms (Spider:1)
  3 orc knights
  A lindwurm (Lair:2)
  4 deep elf pyromancers
  A necromancer (IceCv)
  6 wolf spiders
  6 orc sorcerers
  A will-o-the-wisp (D:15)
  A moth of wrath (Spider:1)
  10 cyclopes
  2 manticores
  Maurice (D:7)
  3 elephants (Lair:4)
  9 kobold blastminers
  A merfolk siren (Lair:2)
  3 meliai (D:13)
  An ice statue (IceCv)
  4 black mambas
  An apocalypse crab (Lair:3)
  13 cane toads
  7 torpor snails
  A smoke demon (Lair:5)
  5 orange demons
  A yaktaur (D:15)
  2 gargoyles (D:13)
  Jeremiah (D:7)
  6 rime drakes
  An anaconda simulacrum (IceCv)
  3 unseen horrors (D:12)
  6 freezing wraiths (IceCv)
  11 komodo dragons
  2 efreet (D:13)
  11 ice devils
  A troll (shapeshifter) (D:11)
  8 trolls
  2 polar bears
  4 tyrant leeches (Spider:2)
  7 tarantellas
  13 blink frogs
  6 dream sheep (Lair:5)
  7 slime creatures
  12 jumping spiders
  2 ynoxinuls (D:12)
  6 culicivoras (Spider:1)
  9 wyverns
  A shadow (D:11)
  A dire elephant simulacrum (IceCv)
  28 yaks
  8 fire elementals (Spider:1)
  A vampire (D:10)
  3 wraiths
  14 vampire mosquitoes
  8 wargs
  24 redbacks
  5 basilisks
  2 neqoxecs (D:12)
  4 steam dragons
  A death yak simulacrum (IceCv)
  A hydra simulacrum (IceCv)
  2 acid dragons
  11 water moccasins
  4 hell hounds (Lair:5)
  3 ice beasts (D:6)
  35 orc warriors
  4 black bears
  4 ogres
  16 centaurs
  14 wolves
  A phantom (D:5)
  4 kobold brigands
  16 bullfrogs
  A gnoll sergeant (D:12)
  4 scorpions
  5 cane toad simulacra (IceCv)
  6 wights
  3 killer bees (D:7)
  3 vampire bats (D:8)
  4 elephant simulacra (IceCv)
  An electric eel (Spider:1)
  2 jellies
  3 bombardier beetles
  A quasit (D:12)
  21 orc priests
  4 hounds
  A sleepcap (D:5)
  2 iguanas
  A polar bear simulacrum (IceCv)
  24 orc wizards
  5 wolf simulacra (IceCv)
  A troll simulacrum (IceCv)
  8 gnolls
  11 adders
  3 shadow imps (D:3)
  16 white imps
  2 ufetubi (IceCv)
  4 dart slugs
  2 ribbon worms
  75 orcs
  9 ball pythons
  2 bat skeletons (D:8)
  4 bat zombies (D:8)
  4 endoplasms
  3 giant cockroaches
  6 goblins
  3 hobgoblins (D:1)
  A quokka (D:2)
  2 bats (D:3)
  4 frilled lizards
  20 kobolds
  4 rats
  A butterfly (Lair:5)
785 creatures vanquished.

Vanquished Creatures (collateral kills)
  2 ice devils (IceCv)
  A dire elephant simulacrum (IceCv)
  A death yak simulacrum (IceCv)
  2 hydra simulacra (IceCv)
  A cane toad simulacrum (IceCv)
  A polar bear simulacrum (IceCv)
  A wolf simulacrum (IceCv)
9 creatures vanquished.

Vanquished Creatures (others)
  An orc wizard (Orc:1)
  12 foxfires (D:15)
13 creatures vanquished.

Grand Total: 807 creatures vanquished

Notes
Turn   | Place    | Note
-------+----------+-------------------------------------------
     0 | D:1      | tilp the Minotaur Berserker began the quest for the Orb.
     0 | D:1      | Reached XP level 1. HP: 19/19 MP: 0/0
    94 | D:1      | Found Faneoc's Magic Scroll Shop.
   167 | D:1      | Reached XP level 2. HP: 22/27 MP: 1/1
   174 | D:1      | Reached skill level 4 in Axes
   840 | D:2      | Reached XP level 3. HP: 33/33 MP: 2/2
   863 | D:2      | Found a radiant altar of Vehumet.
   881 | D:2      | Reached ** piety under Trog
  1216 | D:1      | Bought a scroll of identify for 24 gold pieces
  1216 | D:1      | Bought a scroll of teleportation for 36 gold pieces
  1381 | D:3      | Reached skill level 1 in Stealth
  1381 | D:3      | Reached XP level 4. HP: 20/41 MP: 3/3
  1528 | D:3      | Reached skill level 1 in Throwing
  1530 | D:3      | Reached XP level 5. HP: 34/47 MP: 4/4
  1784 | D:3      | Reached skill level 5 in Axes
  1807 | D:3      | Found a transporter.
  1848 | D:3      | Reached skill level 5 in Fighting
  1873 | D:3      | Found a transporter.
  2184 | D:4      | Reached XP level 6. HP: 41/56 MP: 5/5
  2279 | D:4      | HP: 1/56 [orc priest/nerve-wracking pain (13)]
  2685 | D:4      | Reached *** piety under Trog
  2829 | D:4      | Reached XP level 7. HP: 62/62 MP: 6/6
  2850 | D:4      | Reached skill level 6 in Axes
  3024 | D:1      | Bought a scroll of fear for 48 gold pieces
  3024 | D:1      | Bought a scroll of enchant weapon for 90 gold pieces
  3083 | D:5      | Entered Level 5 of the Dungeon
  3321 | D:5      | Reached skill level 7 in Axes
  3501 | D:5      | Reached XP level 8. HP: 72/73 MP: 7/7
  3508 | D:5      | Reached skill level 1 in Evocations
  3540 | D:5      | Found a staircase to the Ecumenical Temple.
  3632 | D:5      | Found a shadowy altar of Dithmenos.
  3788 | D:5      | Reached skill level 5 in Armour
  4023 | D:5      | Found a bloodstained altar of Trog.
  4032 | D:5      | Reached skill level 8 in Axes
  4347 | D:1      | Bought a scroll of vulnerability for 48 gold pieces
  4445 | D:6      | Found a stormy altar of Qazlal.
  4509 | D:6      | Reached skill level 9 in Axes
  4614 | D:6      | Reached XP level 9. HP: 75/81 MP: 8/8
  4753 | D:6      | Found a shimmering altar of Xom.
  4783 | D:6      | Found a snail-covered altar of Cheibriados.
  4819 | D:6      | Reached skill level 10 in Axes
  5310 | D:1      | Bought 2 scrolls of identify for 48 gold pieces
  5310 | D:1      | Bought a scroll of teleportation for 36 gold pieces
  5497 | D:7      | You fall into a shaft and drop 3 floors!
  5497 | D:10     | Entered Level 10 of the Dungeon
  5529 | D:10     | Reached skill level 11 in Axes
  5529 | D:10     | Found an opulent altar of Gozag.
  5727 | D:9      | Found a runed translucent door.
  5755 | D:9      | Reached skill level 12 in Axes
  5774 | D:9      | Found a burning altar of Makhleb.
  5774 | D:9      | Noticed a sixfirhy
  5884 | D:7      | Noticed Maurice
  5894 | D:7      | Maurice stole an amulet of the acrobat
  5899 | D:7      | Killed Maurice
  5939 | D:7      | Reached XP level 10. HP: 83/88 MP: 9/9
  6043 | D:7      | Noticed Jeremiah
  6108 | D:7      | Killed Jeremiah
  6109 | D:7      | Reached skill level 13 in Axes
  6436 | D:7      | Found a glowing golden altar of the Shining One.
  6436 | D:7      | Found a radiant altar of Vehumet.
  6653 | D:1      | Bought a scroll of fear for 48 gold pieces
  6909 | D:8      | Found an ancient bone altar of Kikubaaqudgha.
  7086 | D:8      | Reached **** piety under Trog
  7392 | D:8      | Reached skill level 14 in Axes
  7767 | D:8      | Identified the +5 whip of Chance {flame, rN+ Str-3 Dex+4}
  8098 | D:9      | Noticed Erica
  8113 | D:9      | Killed Erica
  8114 | D:9      | Reached skill level 5 in Dodging
  8190 | D:9      | Noticed Harold
  8305 | D:9      | Killed Harold
  8562 | D:9      | Noticed a two-headed ogre
  8570 | D:9      | Killed a two-headed ogre
  8967 | D:10     | Identified the blade talisman "Nekuw" {Int+5 Stlth-}
  8991 | D:10     | Noticed Erolcha
  8999 | D:10     | Killed Erolcha
  9000 | D:10     | Reached XP level 11. HP: 95/95 MP: 10/10
  9041 | D:10     | Reached skill level 5 in Evocations
  9087 | D:10     | Found a staircase to the Lair.
  9632 | D:10     | Upgraded the game from 0.31.0-7-gf635a9b802 to
                  | 0.31.0-9-g3a7656b989
  9809 | D:11     | Found a frozen archway.
  9829 | IceCv    | Entered an ice cave
 10326 | IceCv    | Found an ancient bone altar of Kikubaaqudgha.
 10357 | IceCv    | Reached skill level 5 in Throwing
 10478 | IceCv    | Noticed a necromancer
 10482 | IceCv    | Killed a necromancer
 10483 | IceCv    | Reached skill level 10 in Fighting
 10483 | IceCv    | Reached XP level 12. HP: 106/106 MP: 11/11
 10943 | D:11     | Noticed a boulder beetle
 10967 | D:11     | Killed a boulder beetle
 10991 | D:11     | Found a staircase to the Orcish Mines.
 11025 | D:11     | Reached ***** piety under Trog
 11157 | D:11     | Noticed Nergalle
 11166 | D:11     | Killed Nergalle
 11256 | D:11     | Noticed a boulder beetle
 11281 | D:11     | Killed a boulder beetle
 11282 | D:11     | Reached skill level 15 in Axes
 11436 | D:11     | Identified a scroll of acquirement
 11438 | D:11     | Acquired the ring of Midsummer {rF+ rC+ rN+ Int+4 Slay+4}
 11492 | Lair:1   | Entered Level 1 of the Lair of Beasts
 11678 | Lair:1   | Reached skill level 10 in Dodging
 11757 | Lair:1   | Noticed a death yak
 11758 | Lair:1   | Noticed a death yak
 11758 | Lair:1   | Noticed a death yak
 11766 | Lair:1   | Killed a death yak
 11766 | Lair:1   | Received a gift from Trog
 11772 | Lair:1   | Killed a death yak
 11776 | Lair:1   | Killed a death yak
 12073 | Lair:1   | Noticed Gastronok
 12083 | Lair:1   | Killed Gastronok
 12084 | Lair:1   | Reached skill level 10 in Armour
 12084 | Lair:1   | Reached XP level 13. HP: 116/116 MP: 12/12
 12757 | Lair:2   | Reached skill level 16 in Axes
 13121 | Lair:2   | Found a staircase to the Shoals.
 13478 | Lair:3   | Found a hole to the Spider Nest.
 13586 | Lair:3   | Noticed Nessos
 13665 | Lair:3   | Identified the dragon-blood talisman "Kinu" {+Blink}
 13716 | Lair:3   | Received a gift from Trog
 13729 | Lair:3   | Killed Nessos
 14006 | Lair:3   | Found a runed translucent door.
 15074 | Lair:4   | Reached XP level 14. HP: 129/129 MP: 13/13
 15142 | Lair:4   | Found a staircase to the Slime Pits.
 15545 | Lair:5   | Entered Level 5 of the Lair of Beasts
 16008 | Lair:5   | Reached skill level 17 in Axes
 16793 | Lair:5   | Found a burning altar of Makhleb.
 16819 | Lair:5   | Reached skill level 18 in Axes
 16876 | Lair:5   | Found a gateway to Hell.
 17085 | Orc:1    | Entered Level 1 of the Orcish Mines
 17085 | Orc:1    | Noticed an orc warlord
 17109 | D:11     | Killed an orc warlord
 17310 | Orc:1    | Found Onat's Armour Shop.
 17426 | Orc:1    | Noticed an orc warlord
 17448 | Orc:1    | Killed an orc warlord
 17539 | Orc:1    | Noticed Fannar
 17551 | Orc:1    | Killed Fannar
 17612 | Orc:1    | Reached XP level 15. HP: 68/139 MP: 4/14
 17992 | Orc:2    | Entered Level 2 of the Orcish Mines
 18014 | Orc:2    | Identified the +4 great sword of the Sneaky Ships {heavy,
                  | rC+ rN+ Str-2} (Trog gifted it to you on level 2 of the
                  | Orcish Mines)
 18014 | Orc:2    | Received a gift from Trog
 18036 | Orc:2    | Found Agom's Jewellery Shop.
 18066 | Orc:2    | Reached skill level 19 in Axes
 18204 | Orc:2    | Found Kuerphunk's General Store.
 18208 | Orc:2    | Reached skill level 15 in Fighting
 18238 | Orc:2    | Bought a potion of might for 56 gold pieces
 18244 | Orc:2    | Found Gewurra's Antique Weapon Shoppe.
 18268 | Orc:2    | Found a staircase to the Elven Halls.
 18355 | Orc:2    | Found Palun's Antique Armour Emporium.
 18672 | Orc:2    | Bought a potion of heal wounds for 70 gold pieces
 18672 | Orc:2    | Bought a scroll of teleportation for 42 gold pieces
 18672 | Orc:2    | Bought a potion of curing for 42 gold pieces
 18684 | Orc:2    | Bought an embroidered cloak for 292 gold pieces
 18684 | Orc:2    | Bought a translucent buckler for 370 gold pieces
 18684 | Orc:2    | Identified the +1 buckler "Eroiqah" {rC+ rN++ rCorr Str-4}
                  | (You bought it in a shop on level 2 of the Orcish Mines)
 19289 | D:12     | Found a shimmering blue altar of Sif Muna.
 19645 | D:13     | Reached skill level 20 in Axes
 20302 | D:13     | Received a gift from Trog
 20331 | D:13     | Found a gate to the Vaults.
 20642 | D:14     | Reached skill level 21 in Axes
 20952 | D:14     | Found a shimmering altar of Xom.
 20953 | D:14     | Found a shimmering altar of Xom.
 20961 | D:14     | Found a shimmering altar of Xom.
 20961 | D:14     | Found a shimmering altar of Xom.
 20961 | D:14     | Found a shimmering altar of Xom.
 20961 | D:14     | Found a shimmering altar of Xom.
 20961 | D:14     | Found a shimmering altar of Xom.
 20962 | D:14     | Found a shimmering altar of Xom.
 20992 | D:14     | Found a shimmering altar of Xom.
 21210 | D:15     | Entered Level 15 of the Dungeon
 21490 | D:15     | Found a staircase to the Depths.
 21685 | D:15     | Found the +27 heavy crossbow "Sniper" {heavy, Acc+∞ SInv}
 22573 | D:9      | Reached XP level 16. HP: 149/149 MP: 5/15
 22617 | D:10     | Noticed Urug
 22626 | D:10     | Killed Urug
 22627 | D:10     | Reached skill level 22 in Axes
 22951 | Orc:2    | Bought the ring "Rocub" {Fly rF+ Will- Dex+4} for 651 gold
                  | pieces
 23587 | Spider:1 | Entered Level 1 of the Spider Nest
 24103 | Spider:1 | Received a gift from Trog
 24148 | Spider:1 | Paralysed by a jorogumo for 2 turns
 24154 | Spider:1 | Reached skill level 23 in Axes
 24242 | Spider:1 | Noticed Azrael
 24249 | Spider:1 | Killed Azrael
 24999 | Spider:2 | Reached skill level 24 in Axes
 25102 | Spider:2 | Mangled by a broodmother

Illustrated notes

Levels and vault maps discovered:
D:1:      dpeg_arrival_pits, layout_loops_ring, serial_shops, shop,
          hangedman_glass_teeth
D:2:      layout_rooms, basic_altar, kennysheep_generic_room_4
D:3:      gammafunk_wand_slinger, layout_loops_ring
D:4:      layout_basic
D:5:      layout_basic, grunt_dithmenos_smoke_and_mirrors,
          lightli_temple_of_fire, minmay_temple_entry_nine_rooms
D:6:      layout_loops_ring, kennysheep_mini, mainiacjoe_overflow_brackets,
          hangedman_abyss_or_decor_passed, kennysheep_small_circle
D:7:      layout_loops_ring, gammafunk_temple_overflow_pools, uniq_maurice,
          uniq_jeremiah
D:8:      layout_layer_cave, kennysheep_vampire_church, nicolae_the_louvre
D:9:      wad_crossroads, layout_basic, nzn_makhleb_speed_demon, uniq_harold,
          uniq_erica
D:10:     layout_roguey, amcnicky_altar_gilded, lair_entry_dummy, uniq_urug,
          uniq_erolcha
D:11:     layout_basic, david_orc_5, portal_ice_cave_entry_imps, uniq_nergalle
D:12:     layout_irregular_city, serial_demonic, serial_demonic_c,
          serial_demonic_c, serial_demonic_e, serial_demonic_a,
          nicolae_sif_muna_little_library
D:13:     layout_stronghold, david_vaults_5
D:14:     layout_basic, xom_shifter_show
D:15:     hellmonk_depths_entry_around_the_bend, layout_basic, serial_aquarium,
          aquarium_bridge_square [aquarium_subvault_bridge,
          aquarium_subvault_window, aquarium_subvault_bridge,
          aquarium_subvault_bridge], aquarium_bridge_straight
          [aquarium_subvault_bridge, aquarium_subvault_window,
          aquarium_subvault_bridge, aquarium_subvault_wall],
          aquarium_window_fake, aquarium_window_2, aquarium_view_2e,
          aquarium_view_2d, pond
Lair:1:   layout_regular_city, st_stairs_12, uniq_gastronok
Lair:2:   layout_regular_city, elwin_shoals_entry_rooms,
          grunt_forest_large_clearings, grunt_megastairs_2
Lair:3:   gammafunk_mikee_crab_dinner, layout_hall_layers, spider_nest_entry_a,
          serial_bayou_crossing, uniq_nessos
Lair:4:   layout_big_grid, slime_entry_1
Lair:5:   evil_forest, layout_cave_pods, lemuel_fruit_fields,
          serial_bayou_shore_b, serial_bayou_shore_b
Spider:1: nicolae_spider_obnoxious_hallway, uniq_azrael
Spider:2: layout_chambers, hangedman_stitches_earthworm
Orc:1:    layout_diamond_mine, serial_shops, shop, nicolae_orc_quarried_blocks,
          uniq_fannar
Orc:2:    grunt_orc_gardens, layout_diamond_mine, grunt_orc_garden,
          grunt_orc_garden, grunt_orc_garden, grunt_orc_garden,
          nicolae_orc_crystal_seam

Skill      XL: |  1  2  3  4  5  6  7  8  9 10 11 12 13 14 15 16 |
---------------+-------------------------------------------------+-----
Axes           | 4 5 7 9 12 14 15 16 18 21 24 | 24.0
Fighting       | 4 5 7 8 10 11 13 14 15 | 15.0
Stealth        | 1 2 |  2.1
Dodging        | 3 4 6 8 10 11 12 | 12.0
Throwing       | 1 2 3 5 6 |  6.0
Armour         | 3 4 6 7 8 10 11 13 14 | 14.0
Evocations     | 3 4 6 7 8 |  8.0

Action                     |  1- 3 |  4- 6 |  7- 9 | 10-12 | 13-15 | 16-18 || total
---------------------------+-------+-------+-------+-------+-------+-------++-------
  Melee: Hand axe          |    79 |    97 |   238 |   161 |       |       ||   575
         Headbutt          |    13 |    12 |    53 |   148 |   202 |    51 ||   479
         Punch             |     1 |       |     2 |     7 |     2 |       ||    12
         War axe           |       |       |       |   398 |   262 |       ||   660
         Scimitar          |       |       |       |       |    14 |       ||    14
         Executioner's axe |       |       |       |       |   556 |   234 ||   790
  Throw: Boomerang         |       |       |       |       |     5 |       ||     5
 Invoke: Berserk           |     2 |     4 |     7 |    16 |    17 |     6 ||    52
         Trog's Hand       |       |       |     1 |     4 |     4 |     1 ||    10
         Brothers in Arms  |       |       |       |     1 |     1 |       ||     2
  Evoke: Wand              |       |       |       |     1 |       |       ||     1
    Use: Scroll            |     2 |       |    10 |    10 |     8 |     3 ||    33
         Potion            |       |     2 |       |       |     3 |     1 ||     6
   Stab: Sleeping          |     1 |       |       |       |       |       ||     1
         Paralysed         |       |       |       |     6 |       |       ||     6
 Armour: Animal skin       |    21 |       |       |       |       |       ||    21
         Plate armour      |    17 |    82 |   206 |   363 |  1043 |     5 ||  1716
         Ice dragon scales |       |       |       |    64 |       |       ||    64
         Chain mail        |       |       |       |       |       |   255 ||   255
  Dodge: Dodged            |    47 |    58 |    98 |   188 |   502 |   163 ||  1056
